 Dungeon Crawl Stone Soup version 0.31-a0-221-gbddc013574 (webtiles) character file.

Game seed: 8449575718048811865

112 qw the Shooter (level 4, 0/26 HPs)
             Began as a Gargoyle Hexslinger on July 4, 2023.
             Slain by an orc priest
             ... wielding a +0 flail
              (3 damage)
             ... on level 3 of the Dungeon.
             The game lasted 00:00:39 (1875 turns).

qw the Shooter (Gargoyle Hexslinger)                Turns: 1875, Time: 00:00:40

Health: 0/26       AC: 11    Str: 12    XL:     4   Next: 95%
Magic:  5/5        EV: 10    Int: 13    God:
Gold:   26         SH:  0    Dex: 14    Spells: 4/5 levels left

rFire   . . .        Y - +1 sling
rCold   . . .        (no shield)
rNeg    + . .        i - +0 ring mail
rPois   inf          (no helmet)
rElec   +            j - +0 cloak
rCorr   .            h - +0 pair of gloves
SInv    .            (no boots)
Will    .....        (no amulet)
Stlth   +            (no ring)
HPRegen 0.24/turn    (no ring)
MPRegen 0.09/turn

%: no passive effects
@: no status effects
A: sickness immunity, AC +3, negative energy resistance 1, electricity
resistance, torment resistance 1, petrification resistance
a: no special abilities


You were on level 3 of the Dungeon.
You visited 1 branch of the dungeon, and saw 3 of its levels.

You collected 26 gold pieces.


Innate Abilities, Weirdness & Mutations

You are immune to sickness and miasma.
Your stone body is resilient. (AC +3)
You are immune to poison.
You resist negative energy. (rN+)
You are resistant to electric shocks. (rElec)
You are resistant to unholy torment.
You are immune to petrification.


   Skills:
 - Level 2.2 Fighting
 + Level 4.1 Ranged Weapons
 - Level 1.8 Armour
 - Level 1.5 Dodging
 - Level 1.0 Spellcasting
 - Level 2.6 Hexes


You had 4 spell levels left.
You knew the following spells:

 Your Spells              Type           Power      Damage    Failure   Level
a - Slow                  Hex            28%        N/A       21%         1

Your spell library contained the following spells:

 Spells                   Type           Power      Damage    Failure   Level
 Inner Flame              Hex/Fire       4%         N/A       71%         3
 Portal Projectile        Hex/Tloc       8%         N/A       71%         3
 Cause Fear               Hex            3%         N/A       90%         4

Inventory:

Hand Weapons
 Y - a +1 sling (weapon)
Armour
 h - a +0 pair of gloves (worn)
 i - a +0 ring mail (worn)
 j - a +0 cloak (worn)
Scrolls
 a - a scroll of identify
 b - a scroll of immolation {unknown}
 c - a scroll of summoning
Potions
 d - a potion of mutation
 f - a potion of enlightenment
 g - a potion of might {unknown}

Dungeon Overview and Level Annotations

Branches:
Dungeon (3/15)

Altars:


Message History

You shoot a sling bullet. The sling bullet hits the orc.
You kill the orc!
The orc priest miscasts a cantrip.
You shoot a sling bullet.
The sling bullet closely misses the orc priest.
The orc priest invokes the aid of Beogh against you.
Beogh smites you!
An endoplasm comes into view.
You hear a shout!
You shoot a sling bullet. The sling bullet hits the orc priest.
The orc priest is moderately wounded.
An orc wizard comes into view.
It is wielding a +0 dagger and wearing a +2 robe of willpower.
You shoot a sling bullet. The sling bullet hits the orc priest!
The orc priest is almost dead.
You shoot a sling bullet. The sling bullet hits the orc priest!
You kill the orc priest!
Your Armour skill increases to level 1!
You shoot a sling bullet. The sling bullet hits the orc priest!
The orc priest is heavily wounded.
You shoot a sling bullet. The sling bullet hits the orc priest.
The orc priest is heavily wounded.
The orc priest barely misses you.
The orc wizard reads a scroll.
Wisps of shadow swirl around the orc wizard.
You shoot a sling bullet.
The sling bullet completely misses the orc priest.
The orc priest looks satisfied for a moment.
The orc priest calls down the wrath of Beogh upon you.
Beogh smites you!
Ouch! That really hurt!
The orc wizard hits you but does no damage.
You shoot a sling bullet.
The sling bullet hits the orc priest but does no damage.
The orc priest is heavily wounded.
The rat bites you but does no damage. The orc priest barely misses you.
The orc wizard hits you but does no damage.
You shoot a sling bullet. The sling bullet hits the orc priest.
The orc priest is severely wounded.
The bat closely misses you. The rat bites you but does no damage.
The orc priest hits you with a +0 flail.
You die...

.#
##########.#...
#......@oJ.).#
#......orK#....
#....b....# .
#.........#
#.........#
#.........#
#.........#
#.........#
#.#########


You could see an orc priest, an orc wizard, an endoplasm, a bat (summoned), a
kobold (summoned) and a rat (summoned).

Vanquished Creatures
  An orc priest (D:3)
  Jessica (D:2)
  2 adders (D:2)
  2 dart slugs
  An orc (D:3)
  4 ball pythons (D:1)
  3 bats
  4 endoplasms
  2 giant cockroaches
  5 goblins
  2 hobgoblins (D:1)
  2 quokkas
  A frilled lizard (D:2)
  2 kobolds
  A rat (D:2)
33 creatures vanquished.

Notes
Turn   | Place    | Note
-------+----------+-------------------------------------------
     0 | D:1      | qw the Gargoyle Hexslinger began the quest for the Orb.
     0 | D:1      | Reached XP level 1. HP: 12/12 MP: 2/2
     0 | D:1      | 0 ||| qw: Version: 0.3-a-41-g9d075ac
     0 | D:1      | 0 ||| qw: Game counter: 831
     0 | D:1      | 0 ||| qw: Melee chars always use a shield: true
     0 | D:1      | 0 ||| qw: God list: Okawaru
     0 | D:1      | 0 ||| qw: Allow faded altars: false
     0 | D:1      | 0 ||| qw: Do Orc after clearing Dungeon:15 true
     0 | D:1      | 0 ||| qw: Do second Lair branch before Depths: true
     0 | D:1      | 0 ||| qw: Lair rune preference: random
     0 | D:1      | 0 ||| qw: Goals: Normal
     0 | D:1      | 0 ||| PLANNING D:1-11
   271 | D:1      | Found a faded altar of an unknown god.
   340 | D:1      | Reached XP level 2. HP: 16/16 MP: 3/3
   606 | D:1      | Reached skill level 3 in Ranged Weapons
   720 | D:1      | 720 ||| DROPPING ring of flight.
   721 | D:1      | 721 ||| READING 3 scrolls labelled HIF WOOMEOCITIHA.
   722 | D:1      | 722 ||| READING scroll labelled GEACVAITHRI.
   723 | D:1      | 723 ||| READING 2 scrolls of identify.
   723 | D:1      | 723 ||| IDENTIFYING sapphire potion
   724 | D:1      | 724 ||| DROPPING scroll of poison.
   741 | D:2      | 741 ||| STAIRDANCE
   784 | D:2      | Reached XP level 3. HP: 21/21 MP: 4/4
   861 | D:2      | Noticed Jessica
   867 | D:2      | Killed Jessica
   868 | D:2      | Reached XP level 4. HP: 21/26 MP: 5/5
  1053 | D:2      | 1053 ||| FLEEEEING.
  1054 | D:2      | 1054 ||| FLEEEEING.
  1055 | D:2      | 1055 ||| FLEEEEING.
  1056 | D:2      | 1056 ||| FLEEEEING.
  1058 | D:2      | 1058 ||| STAIRDANCE
  1067 | D:1      | 1067 ||| READING scroll labelled XAXKIE ALOU.
  1131 | D:2      | Reached skill level 4 in Ranged Weapons
  1769 | D:2      | 1769 ||| UPGRADING to +0 leather armour.
  1779 | D:2      | 1779 ||| DROPPING +0 robe.
  1780 | D:2      | 1780 ||| UPGRADING to +0 pair of gloves.
  1785 | D:2      | 1785 ||| UPGRADING to +0 ring mail.
  1795 | D:2      | 1795 ||| DROPPING +0 leather armour.
  1796 | D:2      | 1796 ||| UPGRADING to +0 cloak.
  1801 | D:2      | 1801 ||| DRINKING 2 clear potions.
  1802 | D:2      | 1802 ||| READING 2 scrolls of identify.
  1802 | D:2      | 1802 ||| IDENTIFYING dark potion
  1803 | D:2      | 1803 ||| DROPPING potion of invisibility.
  1871 | D:3      | Reached skill level 1 in Armour
  1873 | D:3      | HP: 3/26 [orc priest/divine providence (14)]
  1875 | D:3      | Slain by an orc priest

Levels and vault maps discovered:
D:1:      moated_graveyard_arrival, layout_loops_corners,
          shapermc_ecumenical_altar_mp_ritualfount
D:2:      cheibrodos_helix_gallery, layout_loops_corners,
          chequers_serial_rivers_micro_e, skrybe_limestone_x, uniq_jessica
D:3:      layout_basic, hangedman_decor_peaks_small

Skill      XL: |  1  2  3  4 |
---------------+-------------+-----
Ranged Weapons | 3 4 |  4.1
Fighting       | 2 |  2.2
Armour         | 1 |  1.8
Dodging        | |  1.5
Spellcasting   | |  1.0
Hexes          | |  2.6

Action                     |  1- 3 |  4- 6 || total
---------------------------+-------+-------++-------
   Fire: Sling             |    73 |    66 ||   139
    Use: Scroll            |     3 |     2 ||     5
         Potion            |       |     1 ||     1
 Armour: Robe              |     9 |     9 ||    18
         Ring mail         |       |     4 ||     4
  Dodge: Dodged            |    26 |    24 ||    50

Table legend:
 A = Non-vault XP
 B = Vault XP
 C = Vault XP percentage of total XP
 D = Non-vault monster count
 E = Vault monster count
 F = Vault count percentage of total count
                 A         B        C        D         E       F
            +---------+---------+-------+---------+---------+-------
      Total |     120 |      41 |  25.5 |      30 |       3 |   9.1
            +---------+---------+-------+---------+---------+-------
        D:1 |      26 |       0 |   0.0 |      13 |       0 |   0.0
        D:2 |      50 |      41 |  45.1 |      15 |       3 |  16.7
        D:3 |      44 |       0 |   0.0 |       2 |       0 |   0.0
            +---------+---------+-------+---------+---------+-------
